Map: Prion Terraces

Players

BrAnDname - Winner!

  • Race: Protoss Protoss

Grumm

  • Race: Zerg Zerg
  • League: Gold

VOD

Have the link to the VOD?

Description

Time

  • Played on: Feb. 13, 2016, 5:35 p.m.
  • Length: 11:32
Show
View Real Time Build Order
Export as new Build Order

BrAnDname Protoss - Winner!

Build Orders: 1 Gate Expand 

Get SALT Encoding   

  12  0:02  Probe (Chrono Boost)  
  13  0:12  Probe (Chrono Boost)  
  14  0:19  Pylon  
  14  0:23  Probe (Chrono Boost)  
  15  0:37  Probe (Chrono Boost)  
  15  0:40  Gateway  
  16  0:45  Assimilator  
  16  0:47  Probe (Chrono Boost)  
  17  1:03  Probe (Chrono Boost)  
  18  1:19  Nexus  
  18  1:31  Cybernetics Core  
  18  1:38  Zealot (Chrono Boost)  
  20  1:42  Probe  
  21  1:52  Pylon  
  21  1:54  Probe (Chrono Boost)  
  22  2:02  Assimilator  
  22  2:25  Pylon  
  22  2:31  Stalker  
  22  2:33  Probe x2 (Chrono Boost)  
  25  2:43  Probe (Chrono Boost)  
  24  3:00  Pylon  
  24  3:04  Zealot  
  26  3:08  Gateway  
  28  3:12  Probe (Chrono Boost)  
  28  3:13  Probe (Chrono Boost)  
  28  3:21  Gateway  
  28  3:34  Warp Gate (Chrono Boost)  
  28  3:41  Pylon  
  28  3:43  Gateway  
  28  3:45  Gateway  
  28  3:50  Sentry (Chrono Boost)  
  28  3:53  Gateway  
  30  3:59  Probe x2  
  31  4:11  Probe  
  31  4:12  Probe  
  33  4:24  Probe x2  
  35  4:30  Robotics Facility  
  35  4:35  Twilight Council  
  35  4:36  Probe x2  
  37  4:40  Stalker (Chrono Boost)  
  41  4:46  Zealot (Chrono Boost)  
  41  4:48  Probe  
  41  4:49  Assimilator  
  41  4:52  Probe  
  43  5:05  Forge  
  43  5:07  Forge  
  43  5:08  Pylon  
  43  5:14  Probe x2  
  45  5:19  Observer (Chrono Boost)  
  46  5:22  Charge (Chrono Boost)  
  46  5:26  Probe  
  47  5:31  Probe  
  47  5:35  Assimilator  
  48  5:38  Probe  
  49  5:43  Probe  
  50  5:50  Stalker x4  
  58  6:13  Nexus  
  58  6:15  Pylon  
  58  6:16  Stalker x2  
  62  6:20  Stalker  
  61  6:41  Stalker  
  61  6:42  Stalker x3  
  62  6:55  Stalker  
  63  7:32  Zealot x5  
  74  7:37  Probe x2  
  74  7:38  Probe  
  76  7:49  Probe x3  
  79  7:52  Pylon  
  79  7:56  Pylon  
  79  8:00  Protoss Ground Weapons Level 1 (Chrono Boost)  
  79  8:01  Probe  
  79  8:02  Protoss Ground Armor Level 1 (Chrono Boost)  
  80  8:10  Templar Archives  
  80  8:12  Probe x2  
  82  8:13  Probe  
  83  8:24  Probe  
  83  8:25  Zealot x3  
  83  8:26  Zealot x2  
  94  8:32  Blink (Chrono Boost)  
  94  8:36  Immortal (Chrono Boost)  
  98  8:47  Stalker  
  100  9:03  Pylon x3  
  100  9:10  Pylon  
  100  9:11  Pylon  
  100  9:17  Pylon  
  100  9:18  Immortal (Chrono Boost)  
  104  9:24  Zealot x5  
  108  10:08  Stalker x5  
  110  10:35  Zealot x5  
  112  10:57  Zealot  
  112  10:58  Zealot x4  
  124  11:20  Zealot x5  
  132  11:27  Pylon  
  132  11:29  Pylon  
  132  11:30  Pylon, Gateway  
Show
View Real Time Build Order
Export as new Build Order

Grumm Zerg 

Build Orders: Pool First 

Get SALT Encoding   

  12  0:02  Drone  
  13  0:22  Spawning Pool  
  13  0:26  Drone  
  13  0:35  Overlord  
  13  1:01  Hatchery  
  12  1:10  Zergling x4  
  14  1:11  Zergling x2  
  15  1:22  Drone  
  16  1:26  Extractor  
  15  1:37  Extractor  
  14  1:43  Drone  
  15  1:47  Queen  
  15  1:52  Drone  
  18  1:57  Drone  
  19  2:26  Drone x4  
  19  2:27  Drone  
  22  2:41  Drone x2  
  24  2:47  Queen  
  25  2:51  Drone  
  25  2:52  Drone  
  25  2:56  Overlord  
  27  3:14  Roach Warren  
  26  3:23  Lair  
  26  3:30  Drone x7  
  33  3:42  Zergling x6  
  36  3:49  Spore Crawler  
  36  3:51  Spore Crawler  
  36  3:55  Metabolic Boost  
  34  3:57  Roach  
  36  4:05  Evolution Chamber  
  35  4:29  Overlord x2  
  35  4:31  Zerg Missile Weapons Level 1  
  35  4:36  Hydralisk Den  
  34  4:45  Overlord  
  34  4:46  Roach  
  36  4:58  Drone x4, Extractor  
  39  5:02  Drone x4  
  43  5:21  Pneumatized Carapace  
  43  5:27  Hydralisk x7  
  57  5:46  Roach  
  57  5:47  Overlord x2  
  59  5:50  Drone  
  59  6:06  Roach x4  
  67  6:13  Roach  
  67  6:18  Overlord  
  69  6:19  Zergling x2  
  61  6:52  Zergling x6  
  61  6:53  Zergling x14  
  56  7:28  Roach  
  56  7:29  Roach x5  
  68  7:34  Extractor  
  68  7:36  Overlord  
  67  7:39  Zerg Ground Armor Level 1  
  67  7:46  Hatchery  
  67  7:49  Infestation Pit  
  65  7:59  Overlord x2  
  65  8:21  Glial Reconstitution  
  65  8:24  Drone, Hatchery  
  65  8:25  Drone x5  
  70  8:27  Hive  
  85  8:40  Burrow  
  85  8:41  Muscular Augments  
  85  9:21  Drone x14  
  99  9:37  Queen  
  86  10:04  Hydralisk  
  86  10:05  Hydralisk x14  
  70  10:51  Zergling x6  
  70  10:52  Zergling x20  
Tags
 
Add a new tag
Caveats
  • Supply blocks, unpowered buildings, or Contaminate may cause inaccurate times.
  • Supply counts are checked every 10 seconds.